 Dungeon Crawl Stone Soup version 0.27.1 (webtiles) character file.

Game seed: 5815756202256830389

1754 hawla the Thaumaturge (level 8, 0/45 HPs)
             Began as a Deep Elf Necromancer on Sept 2, 2021.
             Was an Initiate of Ashenzari.
             Slain by a shadow (21 damage)
             ... on level 6 of the Dungeon.
             The game lasted 00:31:02 (8039 turns).

hawla the Thaumaturge (Deep Elf Necromancer)        Turns: 8039, Time: 00:31:02

Health: 0/45       AC:  5    Str:  5    XL:     8   Next: 78%
Magic:  22/22      EV: 14    Int: 23    God:    Ashenzari [......]
Gold:   297        SH:  0    Dex: 15    Spells: 9/24 levels left

rFire    . . .     SeeInvis .   t - staff of conjuration
rCold    . . .     Faith    .   (no shield)
rNeg     . . .     Spirit   .   a - +0 robe
rPois    .         Reflect  .   b - +2 hat of the Enigmatic Portent {Will+, Melee, Evo} (curse)
rElec    .         Harm     .   (no cloak)
rCorr    .         Rampage  .   j - +0 pair of gloves
Will     +....                  (no boots)
Stlth    +++.......             m - amulet of regeneration
HPRegen  1.15/turn              (no ring)
MPRegen  0.18/turn              (no ring)

@: no status effects
A: no striking features
a: Renounce Religion, Shatter the Chains


You were on level 6 of the Dungeon.
You worshipped Ashenzari.
Ashenzari was noncommittal.
You visited 2 branches of the dungeon, and saw 7 of its levels.

You collected 297 gold pieces.

Inventory:

Missiles
 n - 10 poisoned darts (quivered)
 o - 10 boomerangs
Armour
 a - a +0 robe (worn)
 b - the cursed +2 hat of the Enigmatic Portent (worn) {Will+, Melee, Evo}
   (You acquired it on level 3 of the Dungeon)

   It has a curse which improves the following skills: Melee Combat: Short
   Blades, Long Blades, Axes, Maces & Flails, Polearms, Staves and Unarmed
   Combat.
   Evocations: Evocations.
 j - a +0 pair of gloves (worn)
Magical Staves
 t - a staff of conjuration (weapon)
Jewellery
 g - a ring of ice
 k - an amulet of the acrobat
 m - an amulet of regeneration (around neck)
Wands
 i - a wand of polymorph (4)
Scrolls
 q - a scroll of brand weapon
 s - a scroll of magic mapping
Potions
 d - 3 potions of brilliance
 e - 3 potions of might
 f - 2 potions of haste
 h - a potion of attraction
 p - 2 potions of lignification
 r - a potion of flight


   Skills:
 + Level 2.5 Fighting
 + Level 1.3(1.7) Staves
 + Level 0.1 Throwing
 + Level 4.9 Dodging
 + Level 3.8 Stealth
 + Level 8.8 Spellcasting
 + Level 1.0 Conjurations
 + Level 8.8 Necromancy
 * Level 2.5 Transmutations
 * Level 2.4 Earth Magic
 + Level 0.9(1.2) Evocations


You had 9 spell levels left.
You knew the following spells:

 Your Spells              Type           Power      Damage    Failure   Level
a - Pain                  Necr           100%       1d9       1%          1
b - Vampiric Draining     Necr           25%        2d9       1%          3
c - Animate Dead          Necr           25%        N/A       1%          4
d - Agony                 Necr           50%        N/A       4%          5
e - Passwall              Tmut/Erth      17%        N/A       3%          2

Your spell library contained the following spells:

 Spells                   Type           Power      Damage    Failure   Level
 Animate Skeleton         Necr           100%       N/A       1%          1
 Static Discharge         Conj/Air       18%        N/A       8%          2
 Summon Guardian Golem    Hex/Summ       10%        N/A       19%         3
 Swiftness                Air            10%        N/A       19%         3
 Lightning Bolt           Conj/Air       9%         1d21      82%         5
 Invisibility             Hex            5%         N/A       100%        6
 Orb of Destruction       Conj           11%        9d5       100%        7
 Spellforged Servitor     Conj/Summ      9%         N/A       100%        7
 Maxwell's Capacitive Co  Air            5%         ∞         100%        8


Dungeon Overview and Level Annotations

Branches:
Dungeon (6/15)             Temple (1/1) D:5

Altars:
Ashenzari
Cheibriados
Dithmenos
Elyvilon
Fedhas
Gozag
Hepliaklqana
Kikubaaqudgha
Makhleb
Nemelex Xobeh
Okawaru
Qazlal
Ru
Sif Muna
Trog
Uskayaw
Vehumet
Wu Jian
Xom
Yredelemnul
Zin
The Shining One

Shops:
D:5 *


Message History

Aiming: Pain (safe; 1% risk of failure)
Press: ? - help, Shift-Dir - straight line, f/p - jelly
Aim: a jelly (moderately wounded, chance to affect: 89%)
The jelly writhes in agony!
Casting: Pain (safe; 1% risk of failure)
Confirm with . or Enter, or press ? or * to list all spells.
Aiming: Pain (safe; 1% risk of failure)
Press: ? - help, Shift-Dir - straight line, f/p - jelly
Aim: a jelly (severely wounded, chance to affect: 89%)
The jelly writhes in agony!
You kill the jelly!
Found a stone staircase leading down.
A shadow comes into view.
Found a scroll labelled AFATES SAOPPIL.
A shadow is nearby!
A shadow is nearby!
A shadow is nearby!
A shadow is nearby!
You hit the shadow but do no damage. The shadow closely misses you.
You hit the shadow but do no damage.
The shadow slips into darkness.
The shadow flickers and vanishes!
Deactivating autopickup; reactivate with Ctrl-A.
No target in view!
No target in view!
No target in view!
No target in view!
No target in view!
You hit something but do no damage.
The shadow strikes at you from the darkness!
Ouch! That really hurt!
Reactivating autopickup.
You hit the shadow.
The shadow is lightly damaged.
The shadow slips into darkness.
The shadow flickers and vanishes!
Deactivating autopickup; reactivate with Ctrl-A.
You miss something.
The shadow strikes at you from the darkness!
You die...

..<......<....# #>#
######.######.#
##########.##### #.#
................ #.# ##
#######.##.##### #.# #.
........##.# ## ... ..#
#. #######.##.# ##. ###
### ####.#### #.##.# #.#
#....{..# #.##.# ##.
#....@..# #.##.# ##
#......?# #.##.##### #
#.......#####.##....# #
#.................#.# #
#.......###.#####.#.## #
#.......###.# #.#.## ###
...........#.# #.#.## ..#
#.########.#.#.#####.#.##
#.######.#
#.#.#.##........


There were no monsters in sight!

Vanquished Creatures
  Sigmund (D:2)
  Edmund (D:3)
  2 water moccasins (D:6)
  A black bear (D:4)
  An ice beast (D:6)
  An ogre (D:5)
  2 necrophages
  2 scorpions
  A gnoll sergeant (D:6)
  A water moccasin skeleton (D:4)
  3 hounds
  A bullfrog skeleton (D:6)
  A jelly (D:6)
  An orc priest (D:4)
  An iguana (D:5)
  An orc wizard (D:5)
  A scorpion zombie (D:5)
  A hound skeleton (D:4)
  14 gnolls
  5 adders
  A howler monkey skeleton (D:4)
  A white imp (D:6)
  An ufetubus (D:5)
  2 worms (D:4)
  A dart slug (D:1)
  4 orcs
  9 ball pythons
  14 endoplasms
  3 giant cockroaches
  A goblin (D:2)
  11 hobgoblins
  3 quokkas
  6 bats
  4 frilled lizards
  8 kobolds
  8 rats
119 creatures vanquished.

Vanquished Creatures (collateral kills)
  A water moccasin skeleton (D:5)
  A hound (D:5)
  A gnoll (D:3)
  2 orcs (D:5)
5 creatures vanquished.

Grand Total: 124 creatures vanquished

Notes
Turn   | Place    | Note
-------+----------+-------------------------------------------
     0 | D:1      | hawla the Deep Elf Necromancer began the quest for the Orb.
     0 | D:1      | Reached XP level 1. HP: 10/10 MP: 6/6
   192 | D:2      | Reached XP level 2. HP: 6/16 MP: 1/8
   215 | D:1      | Reached skill level 5 in Necromancy
   422 | D:1      | You fall into a shaft and drop 1 floor!
   674 | D:1      | Reached XP level 3. HP: 16/20 MP: 6/10
   856 | D:1      | Reached skill level 1 in Fighting
  1434 | D:2      | Found a faded altar of an unknown god.
  1442 | D:2      | Learned a level 3 spell: Vampiric Draining
  1660 | D:2      | HP: 1/20 [frozen (5)]
  2159 | D:2      | Reached XP level 4. HP: 25/25 MP: 6/12
  2164 | D:2      | Learned a level 4 spell: Animate Dead
  2302 | D:2      | Noticed Sigmund
  2320 | D:2      | Killed Sigmund
  2321 | D:2      | Reached XP level 5. HP: 29/29 MP: 10/15
  2515 | D:3      | Identified a scroll of acquirement
  2515 | D:3      | Acquired a +2 hat of willpower
  3059 | D:3      | Found a snail-covered altar of Cheibriados.
  3505 | D:4      | Reached XP level 6. HP: 32/34 MP: 14/17
  3621 | D:4      | Noticed Edmund
  3836 | D:4      | Learned a level 5 spell: Agony
  4759 | D:4      | Reached XP level 7. HP: 18/38 MP: 19/19
  5024 | D:5      | Entered Level 5 of the Dungeon
  5174 | D:5      | Found a staircase to the Ecumenical Temple.
  5342 | Temple   | Entered the Ecumenical Temple
  5517 | Temple   | Became a worshipper of Ashenzari the Shackled
  5547 | D:5      | Learned a level 2 spell: Passwall
  5584 | D:5      | Found Witwil's Overcharged Wands.
  6621 | D:6      | Reached XP level 8. HP: 44/44 MP: 12/21
  6925 | D:3      | Killed Edmund
  6926 | D:3      | Reached skill level 1 in Conjurations
  6926 | D:3      | Reached skill level 1 in Earth Magic
  7187 | D:6      | Reached skill level 1 in Transmutations
  7341 | D:6      | Reached skill level 1 in Staves
  7812 | D:6      | Found an opulent altar of Gozag.
  7812 | D:6      | Found a bloodstained altar of Trog.
  7819 | D:6      | Found a burning altar of Makhleb.
  7872 | D:6      | Found a shimmering altar of Xom.
  7874 | D:6      | Found a glowing golden altar of the Shining One.
  8039 | D:6      | Slain by a shadow

Illustrated notes

Levels and vault maps discovered:
D:1:      dpeg_arrival_lava_altar, layout_rooms, minivault_5
D:2:      layout_rooms, basic_ecumenical_altar, uniq_sigmund
D:3:      layout_loops_ring, mainiacjoe_overflow_alcove_4
D:4:      layout_cave_pools, kennysheep_boxes, uniq_edmund
D:5:      layout_loops_ring, temple_pool_b, chequers_serial_rivers_large_b,
          kennysheep_cross_bottleneck, nicolae_shop_overcharged_wands
D:6:      layout_loops_ring, chequers_temple_overflow_minitemple
Temple:   kb_temple_of_zot

Skill      XL: |  1  2  3  4  5  6  7  8 |
---------------+-------------------------+-----
Necromancy     | 5 6 8 |  8.8
Dodging        | 3 4 |  4.9
Stealth        | 3 |  3.8
Fighting       | 1 2 |  2.5
Spellcasting   | 4 6 7 8 |  8.8
Conjurations   | 1 |  1.0
Earth Magic    | 2 |  2.4
Transmutations | 2 |  2.5
Staves         | 1 |  1.3
Throwing       | |  0.1
Evocations     | |  0.9

Action                   |  1- 3 |  4- 6 |  7- 9 || total
-------------------------+-------+-------+-------++-------
Melee: Dagger            |       |    92 |    65 ||   157
       Staff             |       |       |   184 ||   184
Throw: Dart              |       |       |     4 ||     4
 Cast: Pain              |    69 |    59 |    49 ||   177
       Vampiric Draining |     3 |    16 |    35 ||    54
       Animate Dead      |       |    12 |    10 ||    22
       Agony             |       |     2 |     4 ||     6
       Passwall          |       |       |     2 ||     2
Invok: Curse Item        |       |       |     1 ||     1
  Use: Potion            |     1 |     5 |     3 ||     9
       Scroll            |       |     7 |     3 ||    10
 Stab: Sleeping          |       |     3 |       ||     3
       Distracted        |       |       |     1 ||     1
Armor: Robe              |     6 |    31 |    90 ||   127
       Skin              |       |       |    14 ||    14
Dodge: Dodged            |    12 |    70 |   262 ||   344
